 Dungeon Sprint DCSS version 0.21-a0-361-g4efd3f9 (webtiles) character file.

87 Kidiri the Skirmisher (level 4, -2/66 HPs)
             Began as a Draconian Berserker on Oct 13, 2017.
             Was a Priest of Trog.
             Slain by a worker ant (4 damage)
             ... in the Dungeon (Sprint IX: "|||||||||||||||||||||||||||||").
             The game lasted 00:00:40 (39 turns).

Kidiri the Skirmisher (Draconian Berserker)           Turns: 39, Time: 00:00:40

Health: -2/66      AC:  5    Str: 25    XL:     4   Next: 28%
Magic:  4/4        EV: 14    Int:  8    God:    Trog [***...]
Gold:   0          SH:  0    Dex: 10    Spells: 3/3 levels left

rFire    . . .     SeeInvis .   a - +0 mace
rCold    . . .     Gourm    .   (no shield)
rNeg     . . .     Faith    .   (armour unavailable)
rPois    .         Spirit   .   (helmet restricted)
rElec    .         Reflect  .   (no cloak)
rCorr    .         Harm     .   (no gloves)
MR       .....     NoTele   +   (no boots)
Stlth    ..........             (no amulet)
HPRegen  0.21/turn              (no ring)
MPRegen  0.09/turn              (no ring)

@: berserking (expiring), lethally poisoned (-2 -> -4), very quick
A: unfitting armour, cold-blooded, AC +5
a: Berserk, Trog's Hand, Burn Spellbooks, Renounce Religion


You were in the Dungeon.
You worshipped Trog.
Trog was most pleased with you.
You were not hungry.

You visited 1 branch

Inventory:

Hand Weapons
 a - a +0 mace (weapon)
Scrolls
 h - a scroll of blinking
Potions
 c - a potion of curing
 d - a potion of heal wounds
 e - a potion of haste
 f - 2 potions of magic
 g - a potion of berserk rage
Comestibles
 b - a bread ration
 i - 4 chunks of flesh


   Skills:
 * Level 5.9 Fighting
 * Level 5.3 Maces & Flails
 + Level 2.5 Throwing
 * Level 4.9 Dodging


You had 3 spell levels left.
You didn't know any spells.

Dungeon Overview and Level Annotations

Branches:
Dungeon (1/1)

Altars:


Innate Abilities, Weirdness & Mutations

Your plain brown scales are hard. (AC +5)
You cannot fit into any form of body armour.
You are cold-blooded and may be slowed by cold attacks.


Message History

Something appears at your feet! Trog grants you ammunition!
You sock the jackal zombie!
You destroy the jackal zombie!
Trog accepts your kill.
The bat skeleton hits you but does no damage.
You thump the bat skeleton!
You destroy the bat skeleton!
Trog accepts your kill. The worker ant bites you.
* * * LOW HITPOINT WARNING * * *
You are lethally poisoned!
The worker ant poisons you!
Things that are here:
an uncursed shortbow; 15 arrows You sock the worker ant!
The worker ant is almost dead.
* * * LOW HITPOINT WARNING * * *
You feel sick. The worker ant bites you.
You die...

▓+▓
▓.▓
▓.▓
▓.▓
▓a▓
▓@▓
▓(▓
▓.▓
▓.▓
▓.▓
▓.▓
▓.▓
▓÷▓
▓.▓


You could see a worker ant.

Vanquished Creatures
  A centaur (D)
  2 bats (D)
  2 bat skeletons (D)
  A hobgoblin (D)
  A jackal (D)
  A jackal zombie (D)
  A rat (D)
9 creatures vanquished.

Notes
Turn   | Place    | Note
-------+----------+-------------------------------------------
     0 | D        | Kidiri the Draconian Berserker began the quest for the Orb.
     0 | D        | Reached XP level 1. HP: 19/19 MP: 1/1
    10 | D        | Reached ** piety under Trog
    28 | D        | Noticed a worker ant
    28 | D        | Noticed a centaur
    32 | D        | HP: 1/30 [centaur (2)]
    34 | D        | Killed a centaur
    34 | D        | Reached skill level 5 in Fighting
    34 | D        | Reached skill level 5 in Maces & Flails
    34 | D        | Reached XP level 2. HP: 2/30 MP: 2/2
    34 | D        | Reached XP level 3. HP: 2/37 MP: 3/3
    34 | D        | Reached XP level 4. HP: 3/44 MP: 4/4
    35 | D        | Reached *** piety under Trog
    35 | D        | Received a gift from Trog
    38 | D        | HP: 2/66 [worker ant (1)]
    39 | D        | Slain by a worker ant

Vault maps used:
D:        linesprint

Skill      XL: |  1 |
---------------+----+-----
Dodging        | 4 |  4.9
Fighting       | 5 |  5.9
Maces & Flails | 5 |  5.3
Throwing       | 2 |  2.5

Action                   |  1- 3 |  4- 6 || total
-------------------------+-------+-------++-------
Melee: Mace              |    19 |     4 ||    23
       Tailslap          |     1 |       ||     1
Invok: Berserk           |     1 |       ||     1
Armor: Skin              |     7 |     1 ||     8
Dodge: Dodged            |    15 |     1 ||    16

Table legend:
 A = Spawn XP
 B = Non-spawn XP
 C = Spawn XP percentage of total XP
 D = Spawn monster count
 E = Non-spawn monster count
 F = Spawn count percentage of total count
 G = Total turns spent on level
                    A         B        C        D         E        F      G
               +---------+---------+-------+---------+---------+-------+---------
         Total |       0 |     125 |   0.0 |       0 |       9 |   0.0 |    39
               +---------+---------+-------+---------+---------+-------+---------
             D |       0 |     125 |   0.0 |       0 |       9 |   0.0 |    39
               +---------+---------+-------+---------+---------+-------+---------
